 Dungeon Crawl Stone Soup version 0.27.0-65-ge2af304b15 (webtiles) character file.

Game seed: 9629400323701040567

24 Malachi the Chopper (level 3, 30/30 HPs)
             Began as a Ghoul Gladiator on Aug 19, 2021.
             Was a Follower of Trog.
             Safely got out of the dungeon.
             The game lasted 00:00:43 (626 turns).

Malachi the Chopper (Ghoul Gladiator)                Turns: 626, Time: 00:00:43

Health: 30/30      AC:  5    Str: 18    XL:     3   Next: 2%
Magic:  2/2        EV: 12    Int:  3    God:    Trog [*.....]
Gold:   18         SH:  0    Dex: 10    Spells: 2/2 levels left

rFire    . . .     SeeInvis .   a - +0 war axe
rCold    + . .     Faith    .   (no shield)
rNeg     + + +     Spirit   .   b - +0 leather armour
rPois    ∞         Reflect  .   c - +0 helmet
rElec    .         Harm     .   (no cloak)
rCorr    .         Rampage  .   f - +0 pair of gloves
Will     .....                  (no boots)
Stlth    +.........             (no amulet)
HPRegen  0.10/turn              (no ring)
MPRegen  0.08/turn              (no ring)

@: no status effects
A: claws 1, cold resistance 1, negative energy resistance 3, inhibited
regeneration, torment resistance 2
a: Renounce Religion


You escaped.
You worshipped Trog.
Trog was aware of your devotion.
You visited 1 branch of the dungeon, and saw 1 of its levels.

You collected 18 gold pieces.

Inventory:

Hand Weapons
 a - a +0 war axe (weapon)
Missiles
 d - 3 throwing nets (quivered)
 e - 2 boomerangs
Armour
 b - a +0 leather armour (worn)
 c - a +0 helmet (worn)
 f - a +0 pair of gloves (worn)
Scrolls
 h - a scroll of enchant weapon {unknown}
 i - a scroll of immolation {unknown}
Potions
 g - a potion of magic {unknown}
 j - a potion of curing {unknown}


   Skills:
 + Level 2.7 Fighting
 + Level 3.1 Axes
 + Level 1.9 Throwing
 + Level 0.1 Armour
 + Level 2.9 Dodging


You had 2 spell levels left.
You didn't know any spells.
Your spell library was empty.

Dungeon Overview and Level Annotations

Branches:
Dungeon (1/15)

Altars:
Trog


Innate Abilities, Weirdness & Mutations

You thrive by killing the living.
You are immune to poison.
You have sharp fingernails.
Your flesh is cold resistant. (rC+)
You are immune to negative energy. (rN+++)
You do not regenerate when monsters are visible.
You are immune to unholy pain and torment.


Message History

The jackal is severely wounded.
The jackal closely misses you. x2
You hit the jackal.
You kill the jackal!
You feel better.
You barely miss the quokka. The quokka barely misses you.
The quokka closely misses you.
You closely miss the quokka. The quokka barely misses you.
You hit the quokka but do no damage. The quokka misses you.
The quokka bites you but does no damage.
You hit the quokka.
The quokka is severely wounded.
The quokka closely misses you. The quokka completely misses you.
You miss the quokka.
The quokka is severely wounded.
The quokka closely misses you.
You slash the quokka!
You kill the quokka!
You have reached level 3!
Your experience leads to an increase in your attributes!
Increase (S)trength, (I)ntelligence, or (D)exterity?
You feel stronger.
There is a faded altar of an unknown god here.
You cannot tell which god this altar belongs to.
Convert to them anyway? [Y]es or [N]o only, please.
You cannot tell which god this altar belongs to.
Convert to them anyway? [Y]es or [N]o only, please.
You cannot tell which god this altar belongs to.
Convert to them anyway?
Trog accepts your prayer! Trog welcomes you!
Unknown command.
Press < or > to pray at altars.
Unknown command.
Press < or > to pray at altars.
There is an open door, spattered with blood here.
You see here a +0 dagger.
There is a shaft here.
There is a staircase leading out of the dungeon here.
Are you sure you want to leave the Dungeon?
This will make you lose the game!
You have escaped!

.##..#.## #........# #.#
.##..#.## ##... #.######'###.#
.##...#.# ##...# ##.##..)......#
.###..#.#
##....##.#.##.........# .#
##..## #....##.##.##........##
.# #.## #....#...#.##........#
.####^## ##...#(..##.##........#
.##.#..# #........##.##........#
.#....## #......@..#.##........#
.##...####.......#.#.##........#
..#....##.......[###.###########
..#.....#.......###..###########
..##....#..###### #.#..........#
...###....#########.#..........#
##..#########.......'..........#
##.........#.#####.#..........#
#########.#.# #.#..........##


There were no monsters in sight!

Vanquished Creatures
  4 ball pythons (D:1)
  3 goblins (D:1)
  A hobgoblin (D:1)
  7 jackals (D:1)
  A quokka (D:1)
  A bat (D:1)
  3 kobolds (D:1)
  2 rats (D:1)
22 creatures vanquished.

Notes
Turn   | Place    | Note
-------+----------+-------------------------------------------
     0 | D:1      | Malachi the Ghoul Gladiator began the quest for the Orb.
     0 | D:1      | Reached XP level 1. HP: 17/17 MP: 0/0
   232 | D:1      | Reached XP level 2. HP: 25/25 MP: 1/1
   334 | D:1      | Reached skill level 3 in Axes
   516 | D:1      | Found a faded altar of an unknown god.
   560 | D:1      | Reached XP level 3. HP: 26/30 MP: 2/2
   563 | D:1      | Became a worshipper of Trog the Wrathful
   563 | D:1      | Reached * piety under Trog
   626 | D:$      | Safely got out of the dungeon.

Illustrated notes

Levels and vault maps discovered:
D:1:      dpeg_arrival_arbitrary_a, layout_basic, serial_shops, shop_statue,
          dreamdust_ecumenical_altar_angels_and_demons

Skill      XL: |  1  2 |
---------------+-------+-----
Axes           | 3 |  3.1
Fighting       | |  2.7
Throwing       | |  1.9
Armour         | |  0.1
Dodging        | |  2.9

Action                   || total
-------------------------++-------
Melee: War axe           ||    60
Armor: Leather armour    ||    32
Dodge: Dodged            ||    61
